AoeStats
← K

Nomad

508430672Analyzed
4v4 RM · 11d ago on Sep 22, 2026· 23m 30s· 8 players
Game mode
Random Map
Map size
231×231
Population
200
Speed
Normal
Resources
Standard
Victory
Conquest
Starting age
Dark Age
Ending age
Imperial Age
RankedLock teamsTeams togetherTeam positionsShared explorationLock speedFull tech treeHidden civsTurbo modeCheats
Victory
Defeat
🇬🇧 Huns · United Kingdom
1196
+7
🇹🇼 Japanese · Taiwan
938
+17
🇹🇷 Japanese · Türkiye
935
+17
🇨🇳 Goths · China
780
+23
🇨🇳 Spanish · China
1006
-18
🇫🇷 Huns · France
977
-17
🇨🇳 Persians · China
939
-15
🇫🇷 Burgundians · France
913
-14
Hellogigi
18:19 Feudal Age
19:05 Double-Bit Axe
23:48 Castle Age
FRQ
7:03 Loom
15:44 Feudal Age
16:55 Fishing Lines
20:01 Castle Age
19:06 Forging
18:57 Scale Mail Armor
19:43 Double-Bit Axe
20:45 Gold Mining
21:47 Chain Mail Armor
23:58 Fletching
伐伐伐伐木工
7:43 Loom
15:40 Feudal Age
22:36 Castle Age
21:14 Double-Bit Axe
K
13:38 Feudal Age
20:07 Castle Age
18:23 Gold Mining
18:19 Double-Bit Axe
22:09 Horse Collar
22:45 Forging
23:13 Scale Barding Armor
Donald
JOE
4:19 Loom
14:46 Feudal Age
15:51 Arson
16:15 Man-at-Arms
23:57 Castle Age
葛瓦斯
16:09 Feudal Age
23:02 Castle Age
21:03 Double-Bit Axe
21:07 Loom
21:13 Fishing Lines
21:54 Stone Mining
21:58 Gold Mining
23:12 Bloodlines
23:05 Padded Archer Armor
22:56 Fletching
ravi0licru
5:14 Loom
15:11 Feudal Age
19:50 Castle Age
17:42 Double-Bit Axe
19:01 Gold Mining
19:19 Fletching
19:55 Fishing Lines
22:06 Padded Archer Armor
22:25 Town Watch
24:07 Wheelbarrow
Connection lost

Rejoining the realm…

Still unreachable

The connection could not be restored.

Session expired

The server has moved on; the page needs a fresh start.